 Dungeon Crawl Stone Soup version 0.31-a0-948-gf5be29c462 (webtiles) character file.

Game seed: 13120691828981509226

8719 Conn the Conjurer (level 11, -1/61 HPs)
             Began as an Octopode Fire Elementalist on Oct 21, 2023.
             Was a Believer of Sif Muna.
             Slain by a killer bee (7 damage)
             ... on level 8 of the Dungeon.
             The game lasted 00:37:04 (11207 turns).

Conn the Conjurer (Octopode Fire Elementalist)     Turns: 11207, Time: 00:37:05

Health: -1/61      AC:  1    Str:  7    XL:     11   Next: 35%
Magic:  16/21      EV: 15    Int: 21    God:    Sif Muna [**....]
Gold:   420        SH:  0    Dex: 14    Spells: 2/24 levels left

rFire   + . .        b - staff of poison
rCold   . . .        (no shield)
rNeg    . . .        (helmet restricted)
rPois   +            (no amulet)
rElec   .            j - ring of willpower
rCorr   .            t - ring of wizardry
SInv    .            A - ring of protection from fire
Will    +....        (no ring)
Stlth   ++++         (no ring)
HPRegen 0.30/turn    (no ring)
MPRegen 0.17/turn    (no ring)
                     (no ring)

%: wizardry (x1)
@: about to teleport, studying Earth Magic
A: almost no armour, amphibious, 8 rings, camouflage 1, gelatinous body 1,
(nimble swimmer 1), tentacles
a: Renounce Religion, Channel Magic


You were on level 8 of the Dungeon.
You worshipped Sif Muna.
Sif Muna was pleased with you.
You visited 3 branches of the dungeon, and saw 11 of its levels.

You collected 622 gold pieces.
You spent 202 gold pieces at shops.

Inventory:

Hand Weapons
 a - a +2 mace of protection
 d - a +0 dagger
 o - a +1 dagger of draining
Magical Staves
 b - a staff of poison (weapon)
 f - a staff of earth
Jewellery
 j - a ring of willpower (left tentacle)
 t - a ring of wizardry (right tentacle)
 A - a ring of protection from fire (on tentacle)
Wands
 e - a wand of iceblast (7)
 g - a wand of digging (7)
 l - a wand of polymorph (17)
 v - a wand of flame (6)
 w - a wand of paralysis (11)
Scrolls
 i - a scroll of amnesia
 p - 2 scrolls of identify
 s - a scroll of fog {unknown}
 x - a scroll of poison {unknown}
 y - a scroll of immolation {unknown}
Potions
 c - 2 potions of attraction
 k - 2 potions of enlightenment
 m - a potion of cancellation {unknown}
 q - a potion of resistance {unknown}
 r - a potion of degeneration {unknown}
 u - a potion of mutation {unknown}


   Skills:
 - Level 5.0 Dodging
 - Level 7.0 Stealth
 + Level 7.1 Spellcasting
 + Level 7.5 Conjurations
 + Level 3.2 Hexes
 + Level 3.1 Transmutations
 + Level 6.9 Fire Magic
 * Level 4.0 Ice Magic
 + Level 5.2 Earth Magic
 - Level 3.0 Poison Magic
 * Level 6.9 Invocations
 * Level 2.3 Evocations


You had 2 spell levels left.
You knew the following spells:

 Your Spells              Type           Power      Damage    Failure   Level
a - Foxfire               Conj/Fire      100%       2x1d9     1%          1
b - Scorch                Fire           72%        2d8       1%          2
c - Inner Flame           Hex/Fire       28%        N/A       1%          3
d - Flame Wave            Conj/Fire      37%        2d10      1%          4
e - Frozen Ramparts       Ice            48%        1d8       1%          3
f - Petrify               Tmut/Erth      25%        N/A       6%          4
g - Metabolic Englaciati  Hex/Ice        11%        N/A       22%         5

Your spell library contained the following spells:

 Spells                   Type           Power      Damage    Failure   Level
 Ignite Poison            Fire/Tmut/Pois 38%        N/A       1%          3
 Sticky Flame             Conj/Fire      37%        2d6       1%          4
 Volatile Blastmotes      Fire/Tloc      42%        2d13      2%          3
 Ignition                 Fire           18%        3d7       100%        8


Dungeon Overview and Level Annotations

Branches:
Dungeon (8/15)             Temple (1/1) D:6            Lair (2/5) D:8
  Swamp: Lair:2-3    Shoals: Lair:2-3     Snake: Lair:2-3    Spider: Lair:2-3

Altars:
Ashenzari
Cheibriados
Dithmenos
Elyvilon
Fedhas
Kikubaaqudgha
Makhleb
Nemelex Xobeh
Okawaru
Qazlal
Ru
Sif Muna
Trog
Uskayaw
Vehumet
Wu Jian
Xom
Yredelemnul
Zin
The Shining One

Shops:
D:5 (

Annotations:
D:8 Maurice
Lair:2 exclusion: oklob plant, Fannar


Innate Abilities, Weirdness & Mutations

You cannot wear most types of armour.
You are amphibious.
You can wear up to eight rings at the same time.
Your skin changes colour to match your surroundings (Stealth+).
Your rubbery body absorbs attacks. (AC +1, EV +1)
((You are camouflaged when in or above water. (Stealth+)))
You have tentacles for arms and can constrict up to eight enemies at once.


Message History

Unknown command.
Unknown command.
Okay, then.
Okay, then.
Okay, then.
Okay, then.
Unknown command.
Unknown command.
Unknown command.
Unknown command.
The frozen ramparts melt away as you move.
Your surroundings suddenly seem different.
As you read the scroll of teleportation, it crumbles to dust.
You feel strangely unstable.
The killer bee buzzes angrily. x2
Your +2 mace of protection goes still.
b - a staff of poison (weapon)
The killer bee barely misses you.
Casting: Frozen Ramparts (safe; 1% risk of failure)
Confirm with . or Enter, or press ? or * to list all spells.
Casting: Flame Wave (dangerous; 1% risk of failure)
Press: ? - help, Dir - look around, f - activate A wave of flame ripples out!
The flame wave engulfs the killer bee!
The killer bee is almost dead.
The flame wave engulfs the killer bee!!
You kill the killer bee!
Sif Muna accepts your kill. (Press . to intensify the flame waves.)
You hear an angry hiss.
The killer bee closely misses you. x2
A wave of flame ripples out!
The flame wave engulfs the killer bee!
The killer bee is almost dead.
The flame wave engulfs the killer bee!
You kill the killer bee!
Sif Muna accepts your kill.
The flame wave engulfs the killer bee!
The killer bee is severely wounded.
You hear an angry hiss.
You hear a shout!
The killer bee misses you. The killer bee stings you!
You die...

...<.... .# ........ ..##
........ ....## ........
.............## #............†
..............####...$...SY....
..........................Y....
...............###.............
.............†@##...$....Y.....
.............yy##..........###.
................##.............
...........................#...
#..........................#...
##..@......#..####............#
###########.## ###..##.......
.. ##. ##.#.... #. #.#....


You could see 2 killer bees.

Vanquished Creatures
  2 death yaks (D:8)
  Joseph (D:7)
  Jeremiah (D:7)
  4 cane toads (Lair:1)
  A komodo dragon (Lair:1)
  Grinder (D:3)
  A shadow (D:7)
  A basilisk (Lair:1)
  11 yaks
  A steam dragon (D:5)
  4 water moccasins
  Edmund (D:4)
  2 ice beasts
  3 black bears
  2 ogres
  5 wolves (Lair:1)
  A centaur (D:5)
  A phantom (D:4)
  2 kobold brigands (D:7)
  4 bullfrogs
  2 scorpions
  4 wights (D:7)
  2 killer bees (D:8)
  A howler monkey (D:7)
  3 jellies
  Crazy Yiuf (D:6)
  6 hounds
  A gnoll bouda (D:5)
  2 orc priests (D:5)
  An iguana (D:5)
  3 orc wizards (D:7)
  10 gnolls
  7 adders
  A white imp (D:5)
  3 worms
  3 dart slugs
  19 orcs
  13 endoplasms
  4 giant cockroaches
  4 goblins
  A hobgoblin (D:4)
  6 jackals (D:4)
  5 quokkas
  7 ball pythons
  A bat (D:2)
  20 kobolds
  8 rats
187 creatures vanquished.

Vanquished Creatures (others)
  608 foxfires
608 creatures vanquished.

Grand Total: 795 creatures vanquished

Notes
Turn   | Place    | Note
-------+----------+-------------------------------------------
     0 | D:1      | Conn the Octopode Fire Elementalist began the quest for the
                  | Orb.
     0 | D:1      | Reached XP level 1. HP: 11/11 MP: 3/3
   306 | D:1      | Reached XP level 2. HP: 17/17 MP: 3/5
  1014 | D:1      | Learned a level 2 spell: Scorch
  1142 | D:2      | Reached XP level 3. HP: 21/21 MP: 6/6
  1354 | D:2      | Learned a level 3 spell: Inner Flame
  1769 | D:2      | Noticed a scorpion
  1952 | D:2      | Reached XP level 4. HP: 25/27 MP: 4/7
  2011 | D:2      | Killed a scorpion
  2259 | D:2      | Reached XP level 5. HP: 31/31 MP: 3/9
  3025 | D:3      | Noticed Grinder
  3064 | D:3      | Killed Grinder
  3065 | D:3      | Reached XP level 6. HP: 24/36 MP: 2/11
  3152 | D:3      | Learned a level 4 spell: Flame Wave
  3326 | D:3      | Identified the +1 chain mail of the Merchant {-Tele Fly
                  | MP+9}
  3545 | D:3      | Reached XP level 7. HP: 38/41 MP: 7/12
  4137 | D:4      | Identified the +2 leather armour "Kihad" {rElec Stlth+}
  4489 | D:4      | Reached skill level 5 in Stealth
  4596 | D:4      | Noticed Edmund
  4605 | D:4      | Killed Edmund
  4606 | D:4      | Reached skill level 1 in Hexes
  4606 | D:4      | Reached skill level 1 in Poison Magic
  4881 | D:5      | Entered Level 5 of the Dungeon
  4938 | D:5      | Reached XP level 8. HP: 46/46 MP: 3/14
  5401 | D:5      | Found Aqaddeal's Weapon Emporium.
  5417 | D:5      | Bought a +2 mace of protection for 202 gold pieces
  6091 | D:6      | Reached skill level 5 in Conjurations
  6210 | D:6      | Reached skill level 5 in Spellcasting
  6299 | D:6      | Found a staircase to the Ecumenical Temple.
  6381 | Temple   | Entered the Ecumenical Temple
  6424 | Temple   | Became a worshipper of Sif Muna the Loreminder
  6665 | D:6      | Reached XP level 9. HP: 51/51 MP: 9/16
  6965 | D:6      | Found a runed translucent door.
  6966 | D:6      | Noticed Crazy Yiuf
  6972 | D:6      | Killed Crazy Yiuf
  7075 | D:7      | Reached skill level 5 in Fire Magic
  7614 | D:7      | Noticed Joseph
  7630 | D:7      | Killed Joseph
  7631 | D:7      | Reached skill level 5 in Dodging
  7806 | D:7      | Noticed Jeremiah
  7807 | D:7      | Reached * piety under Sif Muna
  7815 | D:7      | Killed Jeremiah
  8013 | D:7      | Reached XP level 10. HP: 56/56 MP: 14/19
  8035 | D:7      | Found an ornate altar of the Wu Jian Council.
  8332 | D:7      | Found an ancient bone altar of Kikubaaqudgha.
  8334 | D:7      | Found a white marble altar of Elyvilon.
  8577 | D:8      | Noticed a death yak
  8578 | D:8      | Noticed a death yak
  8579 | D:8      | Noticed a death yak
  8605 | D:8      | Noticed Maurice
  8609 | D:8      | Found a staircase to the Lair.
  8610 | D:8      | Noticed a death yak
  8919 | Lair:1   | Entered Level 1 of the Lair of Beasts
  8989 | Lair:1   | Noticed a cane toad
  8997 | Lair:1   | Killed a cane toad
  9003 | Lair:1   | Reached skill level 5 in Invocations
  9106 | Lair:1   | Learned a level 3 spell: Frozen Ramparts
  9111 | Lair:1   | Learned a level 4 spell: Petrify
  9117 | Lair:1   | Learned a level 5 spell: Metabolic Englaciation
  9146 | Lair:1   | Noticed a cane toad
  9151 | Lair:1   | Killed a cane toad
  9152 | Lair:1   | Reached skill level 1 in Earth Magic
  9275 | Lair:1   | Reached skill level 1 in Transmutations
  9275 | Lair:1   | Reached skill level 1 in Ice Magic
  9766 | Lair:1   | Reached ** piety under Sif Muna
  9776 | Lair:1   | Noticed a cane toad
  9782 | Lair:1   | HP: 2/56 [cane toad (14)]
  9787 | Lair:1   | Killed a cane toad
  9975 | Lair:1   | Reached XP level 11. HP: 48/61 MP: 2/21
 10535 | IceCv    | Identified the of Mijofron
 10535 | Lair:2   | Noticed an oklob plant
 10535 | Lair:2   | Noticed Fannar
 10535 | Lair:2   | Noticed a boulder beetle
 10535 | Lair:2   | Found a shimmering altar of Xom.
 10571 | Lair:2   | Reached skill level 5 in Earth Magic
 10578 | Lair:1   | Reached skill level 1 in Evocations
 10791 | Lair:2   | HP: 1/61 [cane toad (7)]
 11048 | D:8      | Killed a death yak
 11184 | D:8      | Noticed a death yak
 11196 | D:8      | Killed a death yak
 11207 | D:8      | Slain by a killer bee

Illustrated notes

Levels and vault maps discovered:
D:1:      evilmike_arrival_crescent, layout_basic, grunt_decor_cap
D:2:      layout_loops_ring
D:3:      cheibrodos_fertilizer, layout_basic, uniq_grinder
D:4:      layout_loops_cross, uniq_edmund
D:5:      layout_loops_ring, serial_shops, nicolae_shop_window_shopping
D:6:      layout_cave_pools, minmay_temple_entry_antechambers,
          uniq_crazy_yiuf_cottage
D:7:      layout_basic, nicolae_overflow_hidden_temple,
          mainiacjoe_overflow_boulevard, uniq_joseph, uniq_jeremiah
D:8:      minmay_spotlight, layout_cave_pods, dpeg_lair_monsters, uniq_maurice
Temple:   bh_familiar_temple
Lair:1:   layout_cave_pods
Lair:2:   layout_misc_corridors, shoals_dummy_entry, spider_nest_entry_a,
          portal_ice_cave_entry_imps, lemuel_oklob_altar, grunt_megastairs_5,
          infiniplex_staircase_pool_2, uniq_fannar

Skill      XL: |  1  2  3  4  5  6  7  8  9 10 11 |
---------------+----------------------------------+-----
Stealth        | 3 4 5 6 7 |  7.0
Conjurations   | 2 3 4 5 6 7 |  7.5
Spellcasting   | 3 4 5 6 7 |  7.1
Dodging        | 3 4 5 |  5.0
Fire Magic     | 4 5 6 |  6.9
Hexes          | 1 2 3 |  3.2
Poison Magic   | 1 3 |  3.0
Invocations    | 4 6 |  6.9
Earth Magic    | 4 5 |  5.2
Transmutations | 3 |  3.1
Ice Magic      | 3 4 |  4.0
Evocations     | 2 |  2.3

Action                     |  1- 3 |  4- 6 |  7- 9 | 10-12 || total
---------------------------+-------+-------+-------+-------++-------
  Melee: Unarmed           |     6 |       |       |       ||     6
         Constrict         |     3 |     4 |    12 |     1 ||    20
         Dagger            |     2 |       |    11 |       ||    13
         Staff             |     6 |    11 |       |       ||    17
         Tentacles         |     2 |     4 |    15 |     6 ||    27
         Punch             |       |     1 |       |     2 ||     3
         Mace              |       |       |    35 |    16 ||    51
   Cast: Foxfire           |    64 |    48 |   171 |    77 ||   360
         Scorch            |       |    10 |    32 |    24 ||    66
         Inner Flame       |       |     3 |     9 |    12 ||    24
         Flame Wave        |       |       |       |    15 ||    15
         Metabolic Englaci |       |       |       |     3 ||     3
         Frozen Ramparts   |       |       |       |     3 ||     3
         Petrify           |       |       |       |     1 ||     1
 Invoke: Channel Magic     |       |       |       |     2 ||     2
  Evoke: Wand              |       |       |       |     1 ||     1
    Use: Scroll            |       |     3 |     6 |     6 ||    15
         Potion            |       |     1 |     2 |     5 ||     8
   Stab: Sleeping          |     3 |     1 |     6 |       ||    10
 Armour: Skin              |     7 |     8 |    44 |    46 ||   105
  Dodge: Dodged            |    13 |    10 |    47 |    49 ||   119

Table legend: (Time is in decaauts)
 A = Elapsed time spent in this place.
 B = Non-inter-level travel time spent in this place.
 C = Inter-level travel time spent in this place.
 D = Time resting spent in this place.
 E = Time spent auto-exploring this place.
 F = Levels seen in this place.
 G = Mean time per level.
                   A        B        C        D        E       F      G
               +--------+--------+--------+--------+--------+-----+--------+
         Total |  11218 |  10924 |    294 |   1164 |   7283 |  11 | 1019.8 |
       Dungeon |   9039 |   8856 |    183 |   1004 |   5752 |   8 | 1129.9 |
        Temple |     71 |     17 |     54 |      0 |      0 |   1 |   71.0 |
          Lair |   2107 |   2051 |     56 |    160 |   1531 |   2 | 1053.5 |
               +--------+--------+--------+--------+--------+-----+--------+

Top non-repeatable levels by time:
  Lair:1: 2092 daAuts
     D:3: 1473 daAuts
     D:7: 1364 daAuts
     D:5: 1350 daAuts
     D:1: 1322 daAuts
     D:2: 1228 daAuts
     D:4: 848 daAuts
     D:6: 778 daAuts
     D:8: 674 daAuts
  Temple: 71 daAuts
  Lair:2: 14 daAuts
